Map: Berlingrad LE

Players

LiquidClem (Clem)

  • Race: Terran Terran
  • League: Master

MaxPax - Winner!

  • Race: Protoss Protoss
  • League: Grandmaster

VOD

Have the link to the VOD?

Description

Time

  • Played on: Oct. 21, 2021, 8:15 a.m.
  • Length: 15:31
Show
View Real Time Build Order
Export as new Build Order

LiquidClem Terran 

Build Orders:  

Get SALT Encoding   

  12  0:00  SCV  
  13  0:12  SCV  
  14  0:17  Supply Depot  
  14  0:24  SCV  
  15  0:39  SCV  
  15  0:41  Barracks  
  16  0:43  Refinery  
  16  0:51  SCV  
  17  1:03  SCV  
  18  1:15  SCV  
  19  1:28  Orbital Command  
  19  1:29  Marine  
  20  1:43  Command Center  
  20  1:47  Barracks Tech Lab  
  20  1:58  Supply Depot  
  20  2:00  SCV  
  21  2:05  Marauder  
  23  2:10  Concussive Shells  
  23  2:20  SCV  
  23  2:21  Barracks  
  24  2:27  Marauder  
  26  2:32  SCV  
  27  2:40  Barracks  
  27  2:44  SCV  
  27  2:48  Marine  
  29  2:54  Stimpack  
  29  2:57  Orbital Command  
  29  2:59  SCV  
  30  3:05  Marine  
  30  3:07  Barracks Reactor  
  30  3:11  SCV  
  31  3:23  Marine, SCV  
  31  3:25  SCV  
  34  3:28  Barracks Tech Lab  
  34  3:30  Supply Depot  
  34  3:36  SCV  
  34  3:38  SCV  
  34  3:40  Engineering Bay  
  36  3:41  Marine  
  36  3:44  Marine x2  
  36  3:45  Factory  
  36  3:47  Refinery  
  39  3:50  SCV x2  
  39  3:54  Marine  
  42  4:00  Refinery  
  42  4:02  Supply Depot, SCV x2  
  44  4:03  Marine x2  
  46  4:15  Marine, Missile Turret, SCV  
  48  4:18  Marine  
  48  4:19  Bunker  
  48  4:20  SCV  
  48  4:24  Marine, Supply Depot  
  50  4:25  Marine  
  50  4:27  SCV  
  53  4:34  Starport  
  51  4:38  Factory Reactor  
  51  4:40  Marauder  
  51  4:42  SCV  
  51  4:43  SCV  
  51  4:45  Marauder  
  57  4:49  Marine  
  57  4:51  Terran Infantry Weapons Level 1  
  58  4:54  Combat Shield  
  58  4:56  SCV  
  58  4:57  SCV  
  58  4:59  Marine  
  61  5:04  Supply Depot  
  61  5:06  Marauder  
  63  5:08  SCV  
  63  5:09  SCV  
  63  5:11  Marauder  
  67  5:15  Marine  
  67  5:26  Marine  
  67  5:28  Marauder, Factory Reactor  
  66  5:29  Medivac  
  66  5:32  SCV  
  66  5:33  Medivac, SCV  
  66  5:34  Supply Depot  
  66  5:35  Marine, Refinery  
  72  5:38  Marine  
  69  5:44  Marine, SCV  
  69  5:45  SCV  
  69  5:48  Marine  
  68  5:54  Command Center  
  68  5:57  Marine  
  68  6:00  SCV x2  
  68  6:04  Marauder  
  73  6:06  Medivac  
  73  6:08  Marine  
  73  6:09  Widow Mine  
  73  6:10  Widow Mine  
  80  6:12  Medivac  
  80  6:15  Marauder  
  80  6:17  Supply Depot  
  84  6:24  SCV x2  
  85  6:28  Barracks  
  85  6:30  Barracks  
  85  6:33  Supply Depot x2  
  85  6:34  Marauder  
  85  6:37  Widow Mine  
  85  6:38  Marine x2  
  85  6:39  Marauder, Widow Mine  
  86  6:47  Medivac  
  86  6:48  Medivac  
  86  6:50  SCV x2  
  86  6:53  Terran Infantry Armor Level 1  
  90  6:54  Supply Depot  
  90  6:56  Marauder  
  90  6:57  Marine  
  90  6:58  Marine  
  90  7:00  Marauder  
  96  7:04  Widow Mine  
  96  7:07  Widow Mine  
  100  7:09  Supply Depot  
  100  7:17  Barracks Reactor, Barracks Tech Lab, Marauder  
  100  7:21  Marine x2, Liberator  
  100  7:22  Marauder  
  109  7:26  Supply Depot  
  109  7:27  Widow Mine  
  109  7:28  Widow Mine  
  113  7:40  Command Center  
  108  7:44  Marine x2, Marauder  
  108  7:46  Marauder  
  109  7:52  Medivac  
  109  7:54  Marine x2  
  109  7:55  Widow Mine  
  105  7:58  SCV  
  105  8:03  Marauder  
  96  8:06  Marine, Marauder  
  96  8:07  Marine  
  96  8:08  SCV  
  100  8:13  Marine  
  100  8:14  SCV  
  100  8:18  Widow Mine  
  100  8:19  Widow Mine  
  105  8:20  SCV  
  101  8:27  Marine x2  
  101  8:28  Marine  
  100  8:36  Marauder  
  100  8:39  Marine  
  100  8:40  Widow Mine x2  
  102  8:46  Marauder x2  
  106  8:51  SCV  
  106  8:53  SCV  
  106  8:55  Marine  
  101  9:03  Marine, SCV  
  101  9:09  Widow Mine  
  104  9:10  Widow Mine  
  104  9:14  Marine  
  99  9:18  Marine  
  99  9:19  Marine x2  
  99  9:22  Marine  
  103  9:24  Marine  
  103  9:25  Marine  
  103  9:29  SCV x2  
  106  9:36  Marine x2  
  106  9:38  Widow Mine x2  
  107  9:43  Marine  
  107  9:44  Marine x3  
  102  9:48  SCV  
  102  9:51  Marine  
  104  9:53  Marine, SCV  
  106  10:00  Marine, SCV, Widow Mine  
  106  10:04  Marine, Medivac  
  113  10:07  Marine  
  113  10:08  Marine  
  113  10:09  Marine  
  107  10:15  Supply Depot  
  107  10:18  Supply Depot  
  107  10:19  Marine x2  
  109  10:25  Widow Mine  
  109  10:26  Widow Mine  
  108  10:29  SCV  
  108  10:31  SCV  
  108  10:32  Marine x2  
  108  10:35  Marine  
  102  10:40  Marine  
  97  10:44  Marine x2  
  97  10:46  SCV, Widow Mine  
  97  10:47  SCV  
  101  10:50  Widow Mine  
  101  10:54  Marine x2  
  103  10:59  Marine  
  103  11:00  Marine x2  
  103  11:01  Marine  
  106  11:05  Medivac  
  106  11:06  Medivac  
  106  11:09  Marine  
  111  11:16  Widow Mine  
  113  11:18  Marauder  
  113  11:22  Marauder  
  113  11:24  Marine x2  
  113  11:25  Marine  
  115  11:27  Marauder  
  115  11:30  Marine  
  113  11:39  Marine  
  107  11:42  Medivac x2  
  107  11:43  Marine  
  107  11:45  Marine x2, Widow Mine  
  116  11:48  Marine, Marauder  
  116  11:52  Marauder  
  121  11:56  Widow Mine  
  123  12:02  Supply Depot  
  123  12:06  Widow Mine  
  123  12:07  Marine x2  
  123  12:08  Marine  
  128  12:11  Marauder  
  130  12:17  Marauder, Widow Mine  
  130  12:22  Marine  
  134  12:27  Marine x2  
  133  12:31  Marine  
  133  12:35  Widow Mine  
  134  12:39  Widow Mine  
  134  12:42  Marauder  
  134  12:46  Marine x3  
  134  12:47  Marauder  
  134  12:48  Marauder  
  134  12:50  Supply Depot  
  137  12:59  Liberator  
  137  13:03  Marine  
  137  13:04  Marauder  
  136  13:09  Marauder x2  
  136  13:10  SCV  
  136  13:11  SCV  
  136  13:16  Marine  
  133  13:26  Marine x2  
  135  13:29  Orbital Command  
  133  13:56  Widow Mine x2  
  136  14:04  Marine x2  
  136  14:06  Marine x2  
  140  14:16  Marauder x2  
  143  14:17  Orbital Command  
  143  14:21  Widow Mine  
  143  14:22  Marauder  
  141  14:25  Marine  
  123  14:32  Marine x3  
  126  14:39  Orbital Command  
  118  14:54  Marine  
  110  15:03  Marine x2  
Show
View Real Time Build Order
Export as new Build Order

MaxPax Protoss - Winner!

Build Orders: 1 Gate Expand, Blink Stalkers 

Get SALT Encoding   

  12  0:01  Probe  
  13  0:13  Probe  
  14  0:17  Pylon  
  14  0:25  Probe (Chrono Boost)  
  15  0:37  Probe (Chrono Boost)  
  15  0:38  Gateway  
  16  0:44  Probe (Chrono Boost)  
  16  0:47  Assimilator  
  17  0:51  Probe  
  18  1:03  Probe  
  19  1:15  Probe  
  20  1:25  Cybernetics Core  
  20  1:34  Nexus  
  20  1:37  Probe  
  21  1:46  Pylon  
  21  1:49  Probe  
  21  1:54  Assimilator  
  21  2:01  Stalker (Chrono Boost)  
  21  2:02  Warp Gate  
  21  2:05  Probe  
  24  2:18  Probe  
  25  2:30  Twilight Council, Probe  
  26  2:39  Stalker  
  26  2:42  Probe  
  29  2:46  Probe  
  30  2:54  Probe  
  30  2:56  Shield Battery  
  30  2:57  Blink (Chrono Boost)  
  31  2:59  Probe  
  32  3:06  Probe  
  32  3:11  Probe  
  34  3:14  Gateway  
  34  3:18  Probe  
  35  3:23  Probe  
  36  3:30  Robotics Facility, Probe  
  37  3:35  Probe  
  38  3:42  Probe  
  38  3:47  Probe  
  40  3:53  Nexus  
  40  3:57  Probe  
  40  3:58  Stalker  
  40  3:59  Probe  
  40  4:01  Pylon  
  44  4:08  Stalker  
  46  4:15  Pylon  
  46  4:17  Warp Prism (Chrono Boost)  
  46  4:23  Stalker  
  50  4:28  Probe x2  
  52  4:39  Stalker  
  52  4:41  Probe  
  52  4:42  Probe  
  52  4:45  Charge  
  56  4:46  Gateway  
  56  4:48  Gateway  
  56  4:53  Probe  
  56  4:54  Probe  
  56  4:57  Pylon  
  58  5:03  Forge, Immortal (Chrono Boost)  
  62  5:10  Probe  
  62  5:11  Shield Battery  
  63  5:16  Stalker  
  65  5:28  Probe, Stalker  
  64  5:30  Probe  
  64  5:32  Probe, Gateway  
  69  5:35  Observer  
  69  5:40  Probe  
  70  5:43  Probe  
  70  5:47  Protoss Ground Weapons Level 1 (Chrono Boost)  
  71  5:50  Gateway  
  71  5:52  Gateway  
  71  5:56  Probe x2, Gateway x2  
  73  5:57  Probe  
  73  5:59  Gateway  
  73  6:01  Sentry, Zealot  
  78  6:06  Pylon  
  78  6:09  Probe  
  78  6:11  Pylon  
  79  6:15  Pylon  
  80  6:23  Zealot x2  
  80  6:24  Zealot  
  85  6:31  Pylon  
  85  6:32  Zealot x2  
  88  6:46  Zealot x4  
  84  6:47  Probe  
  84  6:50  Probe  
  84  6:53  Stalker  
  84  6:54  Stalker x4  
  92  6:58  Shield Battery  
  92  6:59  Probe, Pylon  
  92  7:01  Assimilator x2  
  94  7:04  Zealot  
  96  7:10  Zealot x2  
  96  7:14  Pylon  
  96  7:15  Pylon  
  100  7:17  Probe x3  
  100  7:21  Zealot x2  
  107  7:28  Zealot  
  109  7:33  Zealot x4  
  113  7:41  Zealot x3  
  111  7:44  Zealot  
  111  7:45  Zealot  
  111  7:46  Immortal  
  117  7:55  Zealot x5  
  117  7:57  Probe  
  122  8:03  Zealot x2  
  122  8:04  Zealot  
  112  8:09  Zealot x2  
  106  8:16  Sentry, Zealot x3  
  110  8:21  Zealot  
  110  8:26  Probe  
  105  8:36  Zealot x4  
  111  8:43  Zealot x6  
  115  8:56  Pylon  
  109  9:04  Zealot x3  
  109  9:05  Zealot x3  
  109  9:06  Zealot x2  
  109  9:07  Zealot x2  
  115  9:12  Protoss Ground Armor Level 1 (Chrono Boost)  
  115  9:15  Probe  
  112  9:23  Immortal (Chrono Boost)  
  112  9:27  Sentry x3  
  114  9:34  Stalker x3  
  114  9:35  Zealot x3  
  112  9:50  Templar Archives  
  112  9:59  Zealot x7  
  122  10:00  Observer  
  103  10:16  Zealot x3  
  109  10:22  Zealot x2  
  109  10:23  Zealot x5  
  104  10:41  Stalker  
  104  10:42  Zealot x2, Immortal (Chrono Boost)  
  98  10:45  Sentry x2  
  98  10:46  Sentry  
  98  10:49  High Templar  
  108  10:50  Zealot x2, High Templar  
  108  10:53  Archon  
  108  11:06  Assimilator  
  108  11:07  Assimilator  
  108  11:12  Shield Battery, Zealot x5  
  108  11:13  Zealot x3  
  118  11:28  Zealot x2  
  118  11:32  Immortal (Chrono Boost)  
  112  11:49  High Templar x4  
  112  11:50  Zealot x6  
  112  11:53  Archon  
  112  11:54  Archon  
  132  11:57  Photon Cannon x2  
  132  12:03  Pylon  
  132  12:14  Pylon x2  
  120  12:30  Sentry x2  
  120  12:31  Zealot x3  
  120  12:32  Zealot x4  
  134  12:48  Sentry  
  130  12:54  Stalker x8  
  130  13:13  Robotics Bay  
  130  13:19  Dark Shrine  
  124  13:31  High Templar x2  
  124  13:32  Zealot x3  
  132  13:35  Archon  
  132  13:37  Observer  
  129  14:00  Zealot x8  
  145  14:04  Nexus  
  144  14:10  Colossus (Chrono Boost)  
  140  14:44  Sentry  
  139  14:47  Shield Battery  
  139  14:49  Colossus (Chrono Boost)  
  136  15:01  Sentry x3  
  136  15:03  High Templar  
  136  15:04  Nexus, High Templar  
  146  15:08  Archon  
  146  15:13  Probe  
  147  15:17  Probe  
  121  15:28  Zealot x3  
Tags
 
Add a new tag
Caveats
  • Supply blocks, unpowered buildings, or Contaminate may cause inaccurate times.
  • Supply counts are checked every 10 seconds.